Map: Moondance

Players

jroths

  • Race: Protoss Protoss
  • League: Bronze
  • Spawn Location: 12:00

HOHOHO - Winner!

  • Race: Terran Terran
  • Spawn Location: 6:00

VOD

Have the link to the VOD?

Description

Time

  • Played on: July 23, 2022, 5:54 a.m.
  • Length: 10:53
Show
View Real Time Build Order
Export as new Build Order

jroths Protoss 

Build Orders: 1 Gate Expand 

Get SALT Encoding   

  12  0:16  Probe  
  13  0:27  Pylon  
  13  0:28  Probe  
  14  0:40  Probe  
  14  0:42  Assimilator  
  15  0:49  Gateway  
  15  0:56  Probe (Chrono Boost)  
  16  1:06  Probe (Chrono Boost)  
  17  1:11  Probe (Chrono Boost)  
  18  1:23  Probe  
  19  1:33  Nexus  
  19  1:41  Cybernetics Core  
  19  1:43  Probe  
  20  1:50  Pylon  
  20  2:04  Probe  
  20  2:07  Assimilator  
  20  2:15  Stalker (Chrono Boost)  
  20  2:16  Probe  
  23  2:28  Probe  
  24  2:38  Gateway  
  24  2:42  Probe (Chrono Boost)  
  23  2:55  Probe (Chrono Boost)  
  23  2:58  Warp Gate (Chrono Boost)  
  24  3:03  Probe (Chrono Boost)  
  24  3:04  Probe (Chrono Boost)  
  26  3:10  Stalker  
  26  3:11  Probe  
  29  3:15  Robotics Facility  
  29  3:17  Gateway  
  29  3:21  Pylon  
  29  3:24  Probe (Chrono Boost)  
  30  3:28  Probe (Chrono Boost)  
  32  3:42  Probe (Chrono Boost)  
  32  3:45  Probe (Chrono Boost)  
  34  3:48  Probe (Chrono Boost)  
  34  3:52  Probe  
  34  3:53  Forge  
  35  4:00  Probe, Pylon  
  36  4:04  Probe  
  37  4:11  Immortal  
  37  4:15  Probe (Chrono Boost)  
  37  4:16  Probe (Chrono Boost)  
  43  4:26  Assimilator  
  43  4:28  Probe (Chrono Boost)  
  45  4:31  Twilight Council  
  45  4:32  Probe (Chrono Boost)  
  45  4:38  Probe  
  45  4:39  Probe  
  45  4:44  Stalker  
  45  4:45  Stalker  
  51  4:46  Stalker  
  51  4:48  Protoss Ground Weapons Level 1  
  53  4:59  Probe x2  
  55  5:01  Pylon  
  55  5:11  Probe  
  56  5:14  Stalker x3  
  56  5:21  Probe  
  63  5:23  Probe  
  63  5:27  Assimilator  
  64  5:41  Stalker  
  64  5:42  Stalker  
  68  5:47  Nexus  
  66  5:50  Pylon  
  48  6:09  Stalker x2  
  48  6:10  Stalker  
  50  6:12  Immortal  
  50  6:13  Probe x2  
  56  6:25  Probe x2  
  58  6:26  Stargate  
  58  6:27  Stargate  
  58  6:34  Stalker  
  58  6:35  Stalker  
  58  6:37  Probe x2  
  64  6:49  Probe x2  
  64  6:50  Stalker  
  66  7:02  Probe x3  
  69  7:14  Zealot x2  
  81  7:16  Void Ray x2  
  81  7:18  Probe x3  
  84  7:25  Assimilator  
  84  7:28  Pylon  
  84  7:30  Probe x2  
  86  7:41  Fleet Beacon  
  86  7:54  Stalker x2  
  90  8:05  Void Ray  
  94  8:09  Probe x3  
  97  8:21  Probe  
  98  8:28  Zealot  
  98  8:30  Nexus  
  100  8:34  Pylon  
  100  8:37  Pylon  
  100  8:53  Carrier  
  100  8:55  Carrier  
  112  9:03  Probe x2, Pylon  
  81  9:38  Stalker x2  
  81  9:39  Stalker  
  57  10:30  Zealot  
Show
View Real Time Build Order
Export as new Build Order

HOHOHO Terran - Winner!

Build Orders: Cyclone Opening, Gas First Reaper Expand, Mech 

Get SALT Encoding   

  12  0:00  SCV  
  13  0:12  SCV  
  14  0:17  Supply Depot  
  14  0:24  SCV  
  14  0:28  Refinery  
  15  0:38  SCV  
  16  0:44  Barracks  
  16  0:50  SCV  
  17  1:02  SCV  
  18  1:15  SCV  
  19  1:31  Reaper, Orbital Command  
  20  1:43  Command Center  
  20  1:56  Factory  
  20  2:00  SCV  
  21  2:03  Marine  
  22  2:13  Supply Depot  
  22  2:17  Refinery  
  22  2:19  SCV  
  23  2:25  Barracks Tech Lab  
  23  2:34  SCV  
  24  2:46  SCV  
  24  2:48  Barracks Reactor  
  25  2:51  Cyclone  
  28  2:58  SCV  
  28  2:59  Orbital Command  
  29  3:10  SCV  
  30  3:17  Command Center  
  30  3:23  Siege Tank  
  33  3:28  SCV x2  
  33  3:29  Marine  
  33  3:32  Marine  
  37  3:39  Supply Depot  
  37  3:40  SCV  
  38  3:41  SCV  
  39  3:48  Armory  
  39  3:52  SCV  
  41  3:55  SCV  
  41  3:59  Siege Tank  
  44  4:04  SCV  
  44  4:08  Marine x2  
  44  4:09  SCV  
  48  4:12  Refinery  
  48  4:14  Refinery  
  48  4:16  SCV  
  49  4:19  Supply Depot  
  49  4:22  SCV  
  50  4:27  Marine  
  50  4:28  Marine, SCV  
  53  4:31  Siege Tank  
  53  4:36  Orbital Command  
  56  4:43  SCV  
  56  4:45  Marine  
  58  4:46  Terran Vehicle Weapons Level 1  
  58  4:47  Marine  
  58  4:50  SCV  
  60  4:55  SCV  
  61  5:01  Factory  
  61  5:03  Factory, SCV  
  61  5:05  SCV  
  63  5:07  SCV  
  63  5:13  Engineering Bay  
  64  5:15  SCV  
  64  5:18  SCV, Siege Tank  
  64  5:20  Infernal Pre-Igniter  
  69  5:22  SCV, Barracks Tech Lab  
  70  5:29  SCV  
  70  5:30  SCV  
  70  5:33  Supply Depot  
  70  5:35  Supply Depot  
  72  5:36  SCV  
  72  5:41  SCV  
  74  5:50  Factory x2, Orbital Command  
  74  5:52  SCV  
  74  5:53  SCV  
  67  6:04  SCV  
  67  6:08  Siege Tank x2  
  67  6:09  Hellion x2  
  67  6:10  Barracks Reactor  
  78  6:14  SCV  
  78  6:18  SCV x2  
  81  6:26  SCV  
  81  6:30  SCV  
  81  6:31  Supply Depot, SCV  
  81  6:32  Supply Depot x2  
  84  6:38  SCV  
  84  6:39  Factory Tech Lab  
  85  6:41  Hellion x2, Terran Vehicle Weapons Level 2  
  85  6:44  Cyclone  
  92  6:48  SCV  
  92  6:53  SCV x2  
  95  6:56  Missile Turret  
  95  6:58  Supply Depot, Missile Turret  
  95  6:59  Supply Depot  
  94  7:02  Hellion  
  94  7:04  Refinery x2  
  94  7:07  Siege Tank  
  94  7:08  Hellion, Siege Tank  
  106  7:09  SCV  
  106  7:15  Command Center  
  105  7:18  Siege Tank  
  105  7:19  Hellion  
  105  7:20  Hellion  
  112  7:23  Missile Turret  
  112  7:24  Missile Turret  
  112  7:28  SCV x3  
  115  7:40  Hellion x2, Siege Tank  
  115  7:41  Siege Tank  
  125  7:49  SCV  
  125  7:50  SCV  
  127  7:53  Supply Depot  
  127  7:55  Supply Depot, Hellion, Siege Tank  
  132  7:59  Supply Depot  
  132  8:03  Factory x2  
  132  8:05  Factory  
  132  8:06  Supply Depot  
  132  8:07  Supply Depot  
  132  8:09  Smart Servos  
  132  8:10  Mag-Field Accelerator  
  132  8:15  Hellion x2  
  132  8:16  SCV x2  
  132  8:17  SCV  
  142  8:29  Drilling Claws  
  142  8:31  SCV, Orbital Command  
  142  8:32  SCV x2  
  142  8:37  Supply Depot  
  142  8:39  Cyclone x3  
  152  8:41  Widow Mine x3  
  152  8:42  Widow Mine  
  152  8:43  SCV  
  159  8:56  Factory Tech Lab x2, Factory Reactor  
  159  9:04  Refinery  
  165  9:10  Widow Mine x4  
  165  9:11  Widow Mine  
  165  9:13  Widow Mine x2  
  173  9:21  Command Center  
  171  9:24  Missile Turret  
  170  9:31  Cyclone x2  
  170  9:32  Cyclone  
  170  9:33  Widow Mine x2  
  180  9:52  Cyclone x2, Widow Mine x2  
  192  9:53  Widow Mine  
  192  10:03  Cyclone  
  190  10:10  Cyclone x2  
  198  10:40  Command Center  
  198  10:44  Command Center  
  198  10:48  Command Center  
  198  10:50  Command Center  
Tags
 
Add a new tag
Caveats
  • Supply blocks, unpowered buildings, or Contaminate may cause inaccurate times.
  • Supply counts are checked every 10 seconds.